 Dungeon Crawl Stone Soup version 0.31-a0-167-g1c394c0614 (webtiles) character file.

Game seed: 1405607725479590536

77 qw the Chopper (level 4, -2/28 HPs)
             Began as a Gargoyle Fighter on June 14, 2023.
             Slain by Robin
             ... wielding a +0 spear
              (5 damage)
             ... on level 2 of the Dungeon.
             The game lasted 00:00:37 (1413 turns).

qw the Chopper (Gargoyle Fighter)                   Turns: 1413, Time: 00:00:38

Health: -2/28      AC: 11    Str: 21    XL:     4   Next: 33%
Magic:  4/4        EV:  9    Int:  9    God:
Gold:   130        SH:  4    Dex:  9    Spells: 3/3 levels left

rFire   . . .        Y - +0 war axe
rCold   . . .        c - +0 buckler
rNeg    + . .        b - +0 scale mail
rPois   inf          (no helmet)
rElec   +            (no cloak)
rCorr   .            i - +0 pair of gloves
SInv    .            (no boots)
Will    .....        (no amulet) Stlth
                     (no ring)
HPRegen 0.24/turn    (no ring)
MPRegen 0.09/turn

%: no passive effects
@: no status effects
A: sickness immunity, AC +3, negative energy resistance 1, electricity
resistance, torment resistance 1, petrification resistance
a: no special abilities


You were on level 2 of the Dungeon.
You visited 1 branch of the dungeon, and saw 2 of its levels.

You collected 130 gold pieces.


Innate Abilities, Weirdness & Mutations

You are immune to sickness and miasma.
Your stone body is resilient. (AC +3)
You are immune to poison.
You resist negative energy. (rN+)
You are resistant to electric shocks. (rElec)
You are resistant to unholy torment.
You are immune to petrification.


   Skills:
 - Level 3.2 Fighting
 + Level 4.0 Axes
 - Level 3.2 Armour
 - Level 3.2 Shields


You had 3 spell levels left.
You didn't know any spells.
Your spell library was empty.

Inventory:

Hand Weapons
 g - a +0 club
 Y - a +0 war axe (weapon)
Armour
 b - a +0 scale mail (worn)
 c - a +0 buckler (worn)
 i - a +0 pair of gloves (worn)
Jewellery
 h - a ring of ice
Scrolls
 a - a scroll of enchant weapon {unknown}
 f - 4 scrolls of identify
Potions
 d - a potion of might
 e - a potion of degeneration {unknown}

Dungeon Overview and Level Annotations

Branches:
Dungeon (2/15)

Altars:

Annotations:
D:2 Robin


Message History

The hobgoblin completely misses you.
The hobgoblin hits you but does no damage.
Robin roars a battlecry!
The hobgoblins go into a battle-frenzy!
You completely miss the hobgoblin.
The hobgoblin is almost dead.
You closely miss the hobgoblin. You block the hobgoblin's attack.
The hobgoblin hits you. Robin hits you but does no damage.
You hit the hobgoblin.
You kill the hobgoblin!
You slash the hobgoblin!
You kill the hobgoblin!
Robin hits you but does no damage. The endoplasm barely misses you.
Robin hits you from afar with a +0 spear.
You hit the endoplasm.
The endoplasm is almost dead.
The endoplasm hits you but does no damage.
Robin barely misses you.
You slash the endoplasm!
You kill the endoplasm!
Robin hits you but does no damage. Robin hits you but does no damage.
Items here: %%%%% ))))).
Enter note:
Enter note:
Enter note:
Enter note:
Enter note:
Enter note: You barely miss Robin.
Robin says, "A pitiful Gargoyle like you will never find the ORB!"
Robin hits you with a +0 spear. Robin hits you but does no damage.
You hit Robin.
Robin is lightly wounded.
Robin hits you but does no damage.
You hit Robin but do no damage.
Robin is lightly wounded.
Robin hits you with a +0 spear.
You die...

.#..# ...#
##....## #......#
#.##... #######
...... #.....#
#.##g#
#.....####.##@# #
#........#.##.#.#
#........#...)).#
##.........##.###
##........##.#
77####...(...##.#
....####...####)#
.....###...####.#
.........#......#


You could see Robin.

Vanquished Creatures
  Jessica (D:2)
  A worm (D:1)
  6 endoplasms
  4 giant cockroaches (D:1)
  11 goblins (D:2)
  5 hobgoblins
  2 jackals (D:1)
  A quokka (D:1)
  A ball python (D:1)
  4 bats
  A frilled lizard (D:2)
  4 rats
41 creatures vanquished.

Notes
Turn   | Place    | Note
-------+----------+-------------------------------------------
     0 | D:1      | qw the Gargoyle Fighter began the quest for the Orb.
     0 | D:1      | Reached XP level 1. HP: 14/14 MP: 1/1
     0 | D:1      | 0 ||| qw: Version: 0.2-a-29-g1fa15c8
     0 | D:1      | 0 ||| qw: Game counter: 5074
     0 | D:1      | 0 ||| qw: Always use a shield: true
     0 | D:1      | 0 ||| qw: God list: Okawaru
     0 | D:1      | 0 ||| qw: Allow faded altars: false
     0 | D:1      | 0 ||| qw: Do Orc after D:15 true
     0 | D:1      | 0 ||| qw: Do second Lair branch before Depths: true
     0 | D:1      | 0 ||| qw: Lair rune preference: random
     0 | D:1      | 0 ||| qw: Plans: Normal, Zot:1-4, Slime:5, God:TSO, Crypt,
                  | Tomb, Abyss, Pan, Hells, Win
     0 | D:1      | 0 ||| PLANNING D:1-11
    96 | D:1      | Reached skill level 2 in Axes
   279 | D:1      | Reached XP level 2. HP: 17/19 MP: 2/2
   771 | D:1      | 771 ||| UPGRADING to +0 pair of gloves.
   776 | D:1      | 776 ||| READING 3 scrolls labelled MUALOL KAPYUM YHUH.
   877 | D:1      | 877 ||| READING 3 scrolls labelled HEMITO FUCRIXA.
   878 | D:1      | 878 ||| DROPPING 2 scrolls of silence.
   919 | D:2      | 919 ||| STAIRDANCE
   923 | D:1      | Reached skill level 3 in Axes
   959 | D:2      | Reached XP level 3. HP: 23/23 MP: 3/3
  1115 | D:2      | Noticed Jessica
  1116 | D:2      | 1116 ||| Stepping ~*~*~tactically~*~*~ (hiding).
  1120 | D:2      | Killed Jessica
  1292 | D:2      | Reached XP level 4. HP: 28/28 MP: 4/4
  1389 | D:2      | Noticed Robin
  1400 | D:2      | Reached skill level 4 in Axes
  1406 | D:2      | HP: 6/28 [hobgoblin[Robin] (3)]
  1411 | D:2      | HP: 2/28 [Robin/+0 spear (3)]
  1413 | D:2      | Slain by Robin

Levels and vault maps discovered:
D:1:      nzn_arrival_settlement, layout_basic
D:2:      layout_loops_cross, uniq_jessica, uniq_crazy_yiuf_cottage, uniq_robin

Skill      XL: |  1  2  3  4 |
---------------+-------------+-----
Axes           | 2 3 4 |  4.0
Fighting       | |  3.2
Armour         | |  3.2
Shields        | |  3.2

Action                     |  1- 3 |  4- 6 || total
---------------------------+-------+-------++-------
  Melee: War axe           |    75 |    29 ||   104
    Use: Scroll            |     2 |       ||     2
 Armour: Scale mail        |    35 |    28 ||    63
  Dodge: Dodged            |    37 |    17 ||    54
  Block: Buckler           |    18 |     3 ||    21

Table legend:
 A = Non-vault XP
 B = Vault XP
 C = Vault XP percentage of total XP
 D = Non-vault monster count
 E = Vault monster count
 F = Vault count percentage of total count
                 A         B        C        D         E       F
            +---------+---------+-------+---------+---------+-------
      Total |      49 |      61 |  55.5 |      28 |      13 |  31.7
            +---------+---------+-------+---------+---------+-------
        D:1 |      33 |       0 |   0.0 |      17 |       0 |   0.0
        D:2 |      16 |      61 |  79.2 |      11 |      13 |  54.2
            +---------+---------+-------+---------+---------+-------
